 Dungeon Crawl Stone Soup version 0.18-a0-1782-gb76a692 (webtiles) character file.

66 epen the Unweaver (level 3, 0/29 HPs)
             Began as a Demonspawn Abyssal Knight on Apr 17, 2016.
             Was a Follower of Lugonu.
             Killed from afar by Natasha (6 damage)
             ... with a wand of flame
             ... on level 3 of the Dungeon.
             The game lasted 00:03:31 (2622 turns).

epen the Unweaver (Demonspawn Abyssal Knight)       Turns: 2622, Time: 00:03:33

Health: 0/29       AC:  7    Str: 13    XL:     3   Next: 96%
Magic:  6/6        EV: 10    Int: 13    God:    Lugonu [*.....]
Gold:   174        SH:  0    Dex: 12    Spells: 0 memorised, 2 levels left

rFire  . . .     SeeInvis .     a - +1 falchion
rCold  . . .     Gourm    .     o - +0 ring mail
rNeg   . . .     Faith    .     (no shield)
rPois  .         Spirit   .     (helmet restricted)
rElec  .         Dismiss  .     d - +0 cloak
rCorr  .         Reflect  .     g - +0 pair of gloves (curse)
SustAt .         Harm     .     (no boots)
MR     .....                    (no amulet)
Stlth  ++........               (no ring)
                                (no ring)

@: slowed, very slow, not resistant to hostile enchantments, unstealthy
A: antennae 1, nightstalker 1
a: Depart the Abyss, Renounce Religion


You were on level 3 of the Dungeon.
You worshipped Lugonu.
Lugonu was aware of your devotion.
You were not hungry.

You visited 1 branch of the dungeon, and saw 3 of its levels.
You visited the Abyss 1 time.

You collected 174 gold pieces.

Inventory:

Hand Weapons
 a - a +1 falchion (weapon)
Armour
 b - a +0 leather armour
 d - a +0 cloak (worn)
 g - a cursed +0 pair of gloves (worn)
 o - a +0 ring mail (worn)
Jewellery
 e - an uncursed ring of fire
 j - an uncursed ring of protection from fire {unknown}
Scrolls
 h - 8 scrolls of identify {unknown}
 m - a scroll of immolation {unknown}
 n - a scroll of amnesia {unknown}
Potions
 f - 2 potions of magic {unknown}
 i - a potion of heal wounds {unknown}
 k - a potion of agility {unknown}
 q - a potion of might {unknown}
Comestibles
 c - 2 bread rations
 l - a beef jerky
 p - a meat ration
 r - a chunk of flesh


   Skills:
 - Level 3.0 Fighting
 * Level 2.8 Long Blades
 - Level 1.7 Armour
 + Level 1.4 Dodging
 * Level 4.1 Invocations


You had 2 spell levels left.
You didn't know any spells.

Dungeon Overview and Level Annotations

Branches:
Dungeon (3/15)

Altars:
Fedhas
Okawaru
Ru

Annotations:
D:3 Natasha


Innate Abilities, Weirdness & Mutations

You have a pair of small antennae on your head.
You are slightly more attuned to the shadows.


Message History

You closely miss Natasha.
Natasha hisses.
Natasha casts a spell at you.
You feel yourself slow down. Natasha barely misses you.
You hit Natasha.
Natasha is heavily wounded.
Natasha claws you.
You completely miss Natasha.
Natasha is heavily wounded.
Natasha claws you.
* * * LOW HITPOINT WARNING * * *
Natasha claws you but does no damage.
You hit Natasha.
Natasha is severely wounded.
Natasha zaps a wand.
The puff of flame misses you.
Natasha casts a spell.
You closely miss Natasha.
Natasha is severely wounded.
Natasha zaps a wand.
The puff of flame hits you!
You die...

...#........... #
............#.#..#
.#...............#.#
..........###.#..#.###
.....................
.........####....#.#
...................#
.#........###....##
..........# #...@#
.......(.........h5..#
.#.#.#.#..###....#####
..........# #....#
.......#..# #....# .#.
.....# .. ###...#


You could see Natasha and a shadow imp.

Vanquished Creatures
  2 adders
  2 worms
  3 dart slugs
  A giant gecko (D:1)
  3 giant cockroaches
  5 goblins
  5 hobgoblins (D:1)
  A ball python (D:1)
  3 bats
  4 giant newts (D:1)
  3 kobolds
  6 rats
  2 fungi (D:1)
40 creatures vanquished.

Notes
Turn   | Place    | Note
--------------------------------------------------------------
     0 | Abyss:1  | epen the Demonspawn Abyssal Knight began the quest for the Orb.
     0 | Abyss:1  | Reached XP level 1. HP: 18/18 MP: 2/2
    59 | Abyss:1  | Noticed a fire giant simulacrum
   105 | Abyss:1  | Noticed a small abomination
   124 | Abyss:1  | Noticed a thrashing horror
   126 | D:1      | Escaped the Abyss
   417 | D:1      | Reached skill level 1 in Dodging
   434 | D:1      | Reached skill level 3 in Invocations
   463 | D:1      | Gained mutation: You have a pair of small antennae on your head. [demonic ancestry]
   463 | D:1      | Reached XP level 2. HP: 22/24 MP: 4/4
   555 | D:1      | Reached * piety under Lugonu
  1345 | D:2      | Gained mutation: You are slightly more attuned to the shadows. [demonic ancestry]
  1345 | D:2      | Reached XP level 3. HP: 24/29 MP: 5/5
  1429 | D:2      | Found a blossoming altar of Fedhas.
  1638 | D:2      | Found a sacrificial altar of Ru.
  2182 | D:2      | Reached skill level 4 in Invocations
  2458 | D:3      | Found an iron altar of Okawaru.
  2610 | D:3      | Noticed Natasha
  2622 | D:3      | Killed from afar by Natasha

Vault maps used:
D:1:      dpeg_arrival_more_subterranean_lakeside_camping,
          minmay_misc_feat_room, amethyst_killhole, minmay_gold_behind_fungi,
          minmay_misc_feat_tiny
D:2:      fedhas_altar_2, old_standard_altar, first_bread, nrook_mini_vaults
D:3:      kennysheep_the_goblin_king, overflow_temple_1_default, minivault_27,
          uniq_sigmund, uniq_robin, uniq_grinder, uniq_natasha
Abyss:1:  serial_sigils_hangedman_gut

Skill      XL: |  1  2  3 |
---------------+----------+-----
Long Blades    | 2 |  2.8
Dodging        | 1 |  1.4
Invocations    | 3 4 |  4.1
Fighting       | |  3.0
Armour         | |  1.7

Action                   || total
-------------------------++-------
Melee: Falchion          ||   163
Invok: Depart the Abyss  ||     1
 Stab: Sleeping          ||     2
  Eat: Chunk             ||     4
       Pizza             ||     1
Armor: Leather armour    ||    35
       Ring mail         ||    22
Dodge: Dodged            ||    63
